 Dungeon Crawl Stone Soup version 0.17-a0-1887-g3e50df6 (webtiles) character file.

39 tp1 the Charmwright (level 3, 0/24 HPs)
             Began as a High Elf Skald on Sept 23, 2015.
             Was an Initiate of the Shining One.
             Slain by Sigmund
             ... wielding a +0 scythe
              (11 damage)
             ... on level 2 of the Dungeon.
             The game lasted 00:19:36 (2050 turns).

tp1 the Charmwright (High Elf Skald)                Turns: 2050, Time: 00:19:37

Health: 0/24       AC:  7    Str: 12    XL:     3   Next: 28%
Magic:  2/7        EV:  9    Int: 16    God:    the Shining One [......]
Gold:   139        SH:  0    Dex: 14    Spells: 1 memorised, 6 levels left

rFire  . . .     SeeInvis .     a - +0 falchion
rCold  . . .     Clarity  .     n - +0 scale mail
rNeg   . . .     SustAt   .     (no shield)
rPois  .         Gourm    .     (no helmet)
rElec  .         Spirit   .     i - +0 cloak
rCorr  .         Warding  .     (no gloves)
rMut   .         Stasis   .     (no boots)
MR     .....                    (no amulet)
Stlth  ..........               (no ring)
                                (no ring)

@: confused, not resistant to hostile enchantments, extremely unstealthy
A: no striking features
a: Renounce Religion


You were on level 2 of the Dungeon.
You worshipped the Shining One.
The Shining One was noncommittal.
You were not hungry.

You visited 1 branch of the dungeon, and saw 2 of its levels.

You collected 139 gold pieces.

Inventory:

Hand weapons
 a - a +0 falchion (weapon)
Armour
 b - a +0 leather armour
 i - a +0 cloak (worn)
 j - a +0 leather armour
 n - a +0 scale mail (worn)
 p - a +0 robe
Jewellery
 h - an uncursed ring of protection from magic {unknown}
Scrolls
 f - a scroll of remove curse
 g - 2 scrolls of identify {unknown}
 k - 2 scrolls of recharging {unknown}
 o - a scroll of noise {unknown}
 q - a scroll of teleportation {unknown}
Potions
 e - 2 potions of curing {unknown}
 m - a potion of haste {unknown}
Books
 c - a book of Battle

   Spells                             Type                      Level
   a - Infusion                       Charms                       1
   b - Shroud of Golubria             Charms/Translocation         2
   c - Song of Slaying                Charms                       2
   d - Spectral Weapon                Hexes/Charms                 3
   e - Regeneration                   Charms/Necromancy            3
Comestibles
 d - 3 bread rations
 l - a slice of pizza


   Skills:
 + Level 2.2 Fighting
 + Level 2.8 Long Blades
 + Level 1.6 Armour
 + Level 1.5 Dodging
 + Level 0.5 Stealth
 + Level 2.5 Spellcasting
 + Level 4.0 Charms


You had 6 spell levels left.
You knew the following spells:

 Your Spells              Type           Power        Failure   Level  Hunger
a - Infusion              Chrm           ##....       21%         1    #......


Dungeon Overview and Level Annotations

Branches:
Dungeon (2/15)

Altars:
Xom
The Shining One

Annotations:
D:2 Sigmund


Message History

You hit Sigmund.
Sigmund is lightly wounded.
You hit Sigmund.
Sigmund is moderately wounded.
Sigmund barely misses you.
You hit Sigmund.
Sigmund is heavily wounded.
Sigmund gestures at you while chanting. The puff of flame hits you!
Ouch! That really hurt!
You slash Sigmund!
Sigmund is severely wounded.
Sigmund hits you with a scythe! The Shining One protects you from harm!
You hit Sigmund but do no damage.
Sigmund is severely wounded.
Sigmund gestures at you while chanting.
You are confused.
Sigmund hits you from afar with a scythe!
You die...

#.# #.# #...# #)# #...#
#.# #...# #.# #@..#
##.##############...
#.............(##..
#..............##.#
#.............@##.######
#..............'@.)....##
#..............#.††......
#..............#.).......
#..............#.........
#..............#.........
##+#+###########.........
#......... #.........


You could see Sigmund.

Vanquished Creatures
  An adder (D:2)
  2 worms
  A giant cockroach (D:1)
  4 goblins
  3 hobgoblins (D:2)
  A ball python (D:2)
  6 bats
  A giant newt (D:2)
  5 kobolds
  2 rats
26 creatures vanquished.

Notes
Turn   | Place    | Note
--------------------------------------------------------------
     0 | D:1      | tp1 the High Elf Skald began the quest for the Orb.
     0 | D:1      | Reached XP level 1. HP: 14/14 MP: 4/4
   764 | D:1      | Reached skill level 1 in Armour
   938 | D:1      | Reached XP level 2. HP: 12/19 MP: 1/6
  1359 | D:1      | Reached skill level 4 in Charms
  1447 | D:2      | Found a glowing golden altar of the Shining One.
  1460 | D:2      | Found a shimmering altar of Xom.
  1463 | D:2      | Became a worshipper of the Shining One
  1628 | D:2      | Reached XP level 3. HP: 10/24 MP: 7/7
  2033 | D:2      | Noticed Sigmund
  2048 | D:2      | The Shining One protects you from harm!
  2050 | D:2      | Slain by Sigmund

Vault maps used:
D:1:      onia_arrival_mini_spirals
D:2:      grunt_temple_overflow_open, st_stairs_2, lemuel_blue_sif_altar,
          uniq_sigmund

Action                   || total
-------------------------++-------
Melee: Falchion          ||    88
 Cast: Infusion          ||     4
  Use: Scroll            ||     1
  Eat: Meat ration       ||     1
